 Dungeon Crawl Stone Soup version 0.32-a0-975-g85d4e5bfdb (webtiles) character file.

Game seed: 6312243218493537807

494 whatisthis the Gusty (level 7, -1/46 HPs)
             Began as a Barachi Air Elementalist on Apr 18, 2024.
             Killed by their own static electricity (3 damage)
             ... on level 4 of the Dungeon.
             The game lasted 00:06:58 (3101 turns).

whatisthis the Gusty (Barachi Air Elementalist)     Turns: 3101, Time: 00:06:58

Health: -1/46      AC:  2    Str: 10    XL:     7   Next: 15%
Magic:  7/14       EV: 11    Int: 17    God:
Gold:   159        SH:  0    Dex: 12    Spells: 5/15 levels left

rFire   . . .        y - +1 trident (venom)
rCold   . . .        (no shield)
rNeg    . . .        a - +0 robe
rPois   +            (no helmet)
rElec   .            (no cloak)
rCorr   .            (no gloves)
SInv    .            (no boots)
Will    .....        f - amulet of magic regeneration
Stlth   ++           o - ring of poison resistance
HPRegen 0.27/turn    (no ring)
MPRegen 0.54/turn

%: no passive effects
@: very slightly contaminated, slow
A: amphibious, slowness 1, strong legs 1, +LOS
a: Hop


You were on level 4 of the Dungeon.
You visited 1 branch of the dungeon, and saw 4 of its levels.

You collected 159 gold pieces.

Inventory:

Hand Weapons
 h - a +0 dagger
 y - a +1 trident of venom (weapon)
Missiles
 d - 6 curare-tipped darts
 n - 7 poisoned darts (quivered)
Armour
 a - a +0 robe (worn)
Jewellery
 f - an amulet of magic regeneration (around neck)
 o - a ring of poison resistance (left hand)
Scrolls
 c - a scroll of teleportation {unknown}
 g - a scroll of enchant armour {unknown}
 j - a scroll of blinking {unknown}
 k - 2 scrolls of revelation {unknown}
 m - 2 scrolls of identify {unknown}
 q - 2 scrolls of immolation {unknown}
 r - 3 scrolls of enchant weapon {unknown}
 s - a scroll of fog {unknown}
 t - 2 scrolls of poison {unknown}
 z - a scroll of vulnerability {unknown}
Potions
 b - a potion of magic
 e - a potion of berserk rage {unknown}
 i - a potion of enlightenment {unknown}
 l - 2 potions of ambrosia {unknown}
 p - 2 potions of curing {unknown}
 u - a potion of mutation {unknown}
 v - a potion of cancellation {unknown}
 w - a potion of lignification {unknown}
 x - 2 potions of heal wounds {unknown}


   Skills:
 - Level 2.1 Dodging
 - Level 1.7 Stealth
 + Level 4.7 Spellcasting
 + Level 4.5 Conjurations
 + Level 5.6 Air Magic


You had 5 spell levels left.
You knew the following spells:

 Your Spells              Type           Power      Damage    Failure   Level
a - Shock                 Conj/Air       84%        1d8       1%          1
b - Static Discharge      Conj/Air       42%        3-5/arc   2%          2
c - Swiftness             Air            23%        N/A       4%          3
d - Airstrike             Air            11%        2d(2-18)  14%         4

Your spell library contained the following spells:

 Spells                   Type           Power      Damage    Failure   Level
 Foxfire                  Conj/Fire      44%        2x1d6     6%          1
 Lesser Beckoning         Tloc           8%         N/A       22%         2
 Call Canine Familiar     Summ           4%         N/A       41%         3
 Maxwell's Portable Pile  Tloc           4%         2d(5-14)  41%         3
 Sigil of Binding         Hex            4%         N/A       41%         3
 Summon Ice Beast         Ice/Summ       4%         N/A       41%         3
 Teleport Other           Tloc           4%         N/A       41%         3
 Tukima's Dance           Hex            4%         N/A       41%         3
 Iskenderun's Mystic Bla Conj/Tloc 11%            2d4        (+2d2     50%         4
 Dimensional Bullseye     Hex/Tloc       2%         N/A       82%         4
 Summon Mana Viper        Hex/Summ       4%         N/A       99%         5
 Plasma Beam              Fire/Air       6%         2x1d17    100%        6
 Starburst                Conj/Fire      5%         6d4       100%        6
 Monstrous Menagerie      Summ           2%         N/A       100%        7


Dungeon Overview and Level Annotations

Branches:
Dungeon (4/15)
 Temple: D:4-7

Altars:


Innate Abilities, Weirdness & Mutations

You are amphibious.
You cover ground slowly.
You can hop short distances.
You have an extended range of vision and can be seen from far away.


Message History

Unknown command.
Throw: 9 darts (poison)
Press: ? - help, Q - select action, (/) - cycle Shift-Dir - straight line, f/p - iguana
Aim: an iguana (56% to hit)
You throw a poisoned dart. The poisoned dart hits the iguana.
The iguana is poisoned.
Unknown command.
Throw: 8 darts (poison)
Press: ? - help, Q - select action, (/) - cycle Shift-Dir - straight line, f/p - iguana
Aim: an iguana (poisoned, 56% to hit)
You throw a poisoned dart.
The poisoned dart barely misses the iguana.
Unknown command.
Casting: Airstrike (quite dangerous; 14% risk of failure)
Confirm with . or Enter, or press ? or * to list all spells.
The iguana is struck by an arc of lightning.
The iguana is moderately wounded.
You are struck by an arc of lightning.
The iguana is struck by an arc of lightning.
The iguana is moderately wounded.
The lightning grounds out.
The iguana bites you!
Unknown command.
Casting: Static Discharge (safe; 2% risk of failure)
Confirm with . or Enter, or press ? or * to list all spells.
The iguana is struck by an arc of lightning.
The iguana is heavily wounded.
You are struck by an arc of lightning.
The iguana is struck by an arc of lightning.
The iguana is severely wounded.
You are struck by an arc of lightning.
* * * LOW HITPOINT WARNING * * *
The lightning grounds out.
The iguana bites you!
* * * LOW HITPOINT WARNING * * *
Unknown command.
Casting: Static Discharge (safe; 2% risk of failure)
Confirm with . or Enter, or press ? or * to list all spells.
The iguana is struck by an arc of lightning.
You kill the iguana!
You are struck by an arc of lightning.
You die...

##.##....# #.#.#.#.####.#
.........# #.#..........#
.#..##...###.#####.###..#
.##......##.......†<....#
.####.##.##.....).#####.# ###
.....................##.# ...
#####.##.##.......##.##.# #.###
.......#.###########.##.###).....
................@..(....(........
......÷###.######........†#......
.......# #.# #...............
.......# #.# #.........#..
.......###.#########.....##
.......#........# #.....#
.......#........# #.....$..
########........# #...........
#........# #...........


There were no monsters in sight!

Vanquished Creatures
  3 scorpions (D:4)
  2 orc priests (D:4)
  An iguana (D:4)
  3 orc wizards (D:3)
  7 gnolls
  3 adders
  2 ribbon worms
  5 orcs
  8 bats
  5 endoplasms
  A giant cockroach (D:3)
  3 goblins (D:1)
  4 hobgoblins
  10 jackals
  A quokka (D:4)
  9 ball pythons
  4 frilled lizards
  13 kobolds
  5 rats
89 creatures vanquished.

Notes
Turn   | Place    | Note
-------+----------+-------------------------------------------
     0 | D:1      | whatisthis the Barachi Air Elementalist began the quest for
                  | the Orb.
     0 | D:1      | Reached XP level 1. HP: 13/13 MP: 3/3
   229 | D:1      | Reached XP level 2. HP: 19/19 MP: 5/5
   263 | D:1      | Learned a level 2 spell: Static Discharge
   988 | D:2      | Reached XP level 3. HP: 14/24 MP: 0/7
  1320 | D:2      | Reached skill level 4 in Air Magic
  1607 | D:3      | Reached XP level 4. HP: 16/30 MP: 2/8
  1611 | D:3      | Reached XP level 5. HP: 16/35 MP: 0/10
  2380 | D:4      | Reached XP level 6. HP: 41/41 MP: 5/12
  2383 | D:4      | Reached skill level 5 in Air Magic
  2603 | D:4      | Learned a level 3 spell: Swiftness
  2608 | D:4      | Learned a level 4 spell: Airstrike
  2911 | D:4      | Reached XP level 7. HP: 39/46 MP: 11/14
  3100 | D:4      | HP: 2/46 [iguana (11)]
  3101 | D:4      | Killed from afar by themself

Illustrated notes

Levels and vault maps discovered:
D:1:      dpeg_arrival_subterranean_lakeside_camping, layout_loops_ring
D:2:      layout_basic, basic_altar, lexackson_kobold_supper
D:3:      layout_loops_cross
D:4:      layout_basic, grunt_ministairs_15, eino_tiny_chamber,
          minmay_misc_feat_doors

Skill      XL: |  1  2  3  4  5  6 |
---------------+-------------------+-----
Conjurations   | 2 3 4 |  4.5
Spellcasting   | 3 4 |  4.7
Air Magic      | 4 5 |  5.6
Dodging        | |  2.1
Stealth        | |  1.7

Action                     |  1- 3 |  4- 6 |  7- 9 || total
---------------------------+-------+-------+-------++-------
  Melee: Unarmed           |    10 |       |       ||    10
         Dagger            |     6 |     2 |       ||     8
         Trident           |       |     1 |     7 ||     8
  Throw: Dart              |     1 |       |     3 ||     4
   Cast: Shock             |    55 |    81 |     3 ||   139
         Static Discharge  |     7 |    15 |     2 ||    24
Ability: Hop               |     1 |       |       ||     1
   Stab: Sleeping          |     1 |     1 |       ||     2
         Distracted        |       |       |     2 ||     2
 Armour: Robe              |    30 |    32 |     7 ||    69
  Dodge: Dodged            |    28 |    21 |     1 ||    50

Table legend: (Time is in decaauts)
 A = Elapsed time spent in this place.
 B = Non-inter-level travel time spent in this place.
 C = Inter-level travel time spent in this place.
 D = Time resting spent in this place.
 E = Time spent auto-exploring this place.
 F = Levels seen in this place.
 G = Mean time per level.
                   A        B        C        D        E       F      G
               +--------+--------+--------+--------+--------+-----+--------+
         Total |   3539 |   3434 |    105 |    329 |   2534 |   4 |  884.8 |
       Dungeon |   3539 |   3434 |    105 |    329 |   2534 |   4 |  884.8 |
               +--------+--------+--------+--------+--------+-----+--------+

Top non-repeatable levels by time:
     D:1: 1112 daAuts
     D:3: 920 daAuts
     D:4: 808 daAuts
     D:2: 697 daAuts
